AoeStats
← Lag

Arena

510217513Analyzed
4v4 RM · 2d ago on Sep 30, 2026· 46m 18s· 8 players
Game mode
Random Map
Map size
Large (8 player)
Population
200
Speed
Normal
Resources
Standard
Victory
Conquest
Starting age
Dark Age
Ending age
Imperial Age
RankedLock teamsTeams togetherTeam positionsShared explorationLock speedFull tech treeHidden civsTurbo modeCheats
Victory
Defeat
🇺🇸 Malians · United States
746
+11
724
+11
🇳🇿 Wu · New Zealand
539
+20
🇧🇷 Italians · Brazil
530
+19
🇺🇸 Bohemians · United States
704
-19
🇺🇸 Persians · United States
604
-15
🇺🇸 Goths · United States
580
-14
🇨🇦 Britons · Canada
570
-13
zelda699
0:53 Loom
12:49 Feudal Age
13:25 Double-Bit Axe
14:40 Horse Collar
22:06 Castle Age
21:39 Gold Mining
22:36 Wheelbarrow
23:14 Bow Saw
23:26 Heavy Plow
25:23 Hand Cart
26:51 Forging
29:54 Fletching
30:40 Iron Casting
30:06 Padded Archer Armor
30:07 Scale Mail Armor
29:36 Elite Skirmisher
32:23 Bodkin Arrow
33:48 Pikeman
34:29 Squires
33:53 Man-at-Arms
RESIST
3:41 Loom
12:53 Feudal Age
14:17 Wheelbarrow
13:30 Double-Bit Axe
19:16 Castle Age
18:20 Horse Collar
20:26 Bow Saw
20:21 Heavy Plow
26:10 Hand Cart
28:52 Fervor
29:04 Sanctity
32:52 Imperial Age
30:26 Murder Holes
30:43 Fortified Wall
30:31 Pikeman
31:11 Squires
30:57 Arson
33:07 Town Watch
34:28 Chemistry
33:49 Ballistics
32:58 Halberdier
34:52 Two-Man Saw
34:10 Town Patrol
37:19 Forging
36:59 Fletching
37:10 Padded Archer Armor
37:10 Scale Mail Armor
38:00 Conscription
40:33 Elite Skirmisher
41:33 Chain Mail Armor
41:33 Leather Archer Armor
41:14 Bodkin Arrow
41:54 Iron Casting
41:34 Masonry
43:52 Plate Mail Armor
43:24 Bracer
43:55 Ring Archer Armor
45:50 Blast Furnace
44:56 Scale Barding Armor
MordorQva
9:35 Feudal Age
10:31 Double-Bit Axe
15:54 Horse Collar
19:19 Castle Age
19:11 Wheelbarrow
18:38 Gold Mining
20:26 Bow Saw
21:27 Heavy Plow
23:57 Hand Cart
26:50 Gold Shaft Mining
27:32 Scale Mail Armor
27:44 Forging
29:50 Loom
30:41 Gambesons
31:59 Kamandaran
35:42 Imperial Age
33:13 Stone Mining
33:11 Crossbowman
33:57 Thumb Ring
35:10 Caravan
35:24 Heavy Scorpion
nduivenvo
0:35 Loom
12:21 Feudal Age
14:22 Wheelbarrow
13:35 Double-Bit Axe
13:34 Horse Collar
14:19 Gold Mining
14:45 Man-at-Arms
15:11 Arson
20:30 Castle Age
20:15 Forging
19:59 Fletching
20:11 Padded Archer Armor
20:35 Stone Mining
23:16 Bow Saw
23:09 Heavy Plow
24:24 Town Watch
25:17 Scale Mail Armor
26:42 Gold Shaft Mining
27:02 Hand Cart
26:51 Treadmill Crane
27:57 Ballistics
29:00 Bodkin Arrow
29:23 Masonry
29:11 Long Swordsman
30:23 Fortified Wall
30:48 Town Patrol
31:08 Leather Archer Armor
30:50 Gambesons
35:30 Imperial Age
33:31 Heated Shot
34:53 Squires
35:12 Chain Mail Armor
35:34 Iron Casting
Zukomazi
12:32 Feudal Age
13:58 Double-Bit Axe
16:56 Castle Age
15:21 Stone Mining
15:22 Gold Mining
15:37 Horse Collar
17:18 Loom
18:08 Wheelbarrow
17:19 Town Watch
18:01 Bow Saw
21:03 Heavy Plow
29:37 Hand Cart
30:01 Masonry
30:02 Fortified Wall
33:13 Imperial Age
30:31 Pikeman
31:11 Squires
30:57 Arson
31:55 Forging
31:46 Scale Mail Armor
33:12 Iron Casting
33:16 Capped Ram
34:20 Conscription
36:32 Chain Mail Armor
37:54 Fletching
38:34 Plate Mail Armor
41:23 Tigui
43:45 Architecture
44:16 Chemistry
43:50 Crop Rotation
43:04 Treadmill Crane
44:28 Chemistry
43:48 Ballistics
44:00 Architecture
43:24 Guard Tower
44:41 Sappers
CoWarDly DoG
0:28 Loom
10:58 Feudal Age
12:24 Double-Bit Axe
13:54 Horse Collar
20:39 Castle Age
18:43 Stone Mining
20:47 Gold Mining
24:24 Bow Saw
30:16 Imperial Age
32:17 Elite Genoese Crossbowman
33:24 Fletching
33:35 Padded Archer Armor
34:40 Wheelbarrow
35:04 Conscription
34:57 Heavy Plow
36:12 Two-Man Saw
38:38 Bodkin Arrow
38:59 Leather Archer Armor
43:44 Chemistry
43:22 Bracer
44:02 Ring Archer Armor
japs cancel meal for starvation
10:23 Feudal Age
14:28 Castle Age
12:49 Double-Bit Axe
13:24 Horse Collar
15:19 Heavy Plow
18:10 Bow Saw
21:09 Wheelbarrow
20:19 Loom
24:10 Gold Mining
26:16 Treadmill Crane
29:35 Imperial Age
27:21 Hand Cart
26:58 Fletching
27:39 Fortified Wall
27:43 Bodkin Arrow
27:50 Padded Archer Armor
28:55 Thumb Ring
29:03 Bloodlines
29:28 Leather Archer Armor
29:19 Scale Barding Armor
30:29 Chain Barding Armor
30:21 Forging
29:51 Heavy Mounted Crossbowman
30:54 Ballistics
30:30 Light Cavalry
31:11 Bracer
31:35 Conscription
31:26 Winged Hussar
32:07 Husbandry
33:17 Iron Casting
33:56 Lechitic Legacy
35:00 Crop Rotation
36:23 Chemistry
35:29 Siege Engineers
35:34 Masonry
35:00 Elite Skirmisher
36:42 Blast Furnace
35:44 Scale Mail Armor
35:06 Pikeman
35:33 Arson
36:13 Sappers
43:17 Chain Mail Armor
43:04 Squires
43:42 Bombard Tower
43:18 Murder Holes
43:34 Masonry
43:49 Szlachta Privileges
44:19 Hoardings
Lag
13:11 Feudal Age
13:37 Horse Collar
21:01 Castle Age
19:04 Double-Bit Axe
22:15 Heavy Plow
30:14 Masonry
31:23 Loom
32:23 Ballistics
33:18 Gold Mining
33:45 Bow Saw
41:47 Imperial Age
39:59 Wheelbarrow
42:09 Onager
Connection lost

Rejoining the realm…

Still unreachable

The connection could not be restored.

Session expired

The server has moved on; the page needs a fresh start.